Map: Deathaura LE

Players

Nordres - Winner!

  • Race: Zerg Zerg
  • League: Master
  • Spawn Location: 11:00

Coudest

  • Race: Terran Terran
  • League: Master
  • Spawn Location: 5:00

VOD

Have the link to the VOD?

Description

Time

  • Played on: Feb. 12, 2021, 2:04 p.m.
  • Length: 9:46
Show
View Real Time Build Order
Export as new Build Order

Nordres Zerg - Winner!

Build Orders: Pool First 

Get SALT Encoding   

  12  0:00  Drone  
  13  0:12  Overlord  
  13  0:17  Drone  
  14  0:30  Drone x2  
  16  0:40  Spawning Pool  
  15  0:47  Drone  
  16  0:50  Drone  
  16  0:55  Drone  
  18  1:11  Hatchery  
  18  1:13  Extractor  
  18  1:18  Drone  
  17  1:28  Zergling x4  
  17  1:32  Queen  
  21  1:39  Drone  
  22  1:47  Roach Warren  
  22  1:53  Overlord  
  21  2:29  Roach x4  
  29  2:40  Queen  
  29  2:41  Drone x2, Overlord  
  32  3:05  Drone x3  
  32  3:06  Drone x2  
  32  3:07  Metabolic Boost  
  36  3:13  Drone  
  37  3:30  Drone x4  
  41  3:52  Queen  
  41  3:53  Overlord x2  
  41  3:54  Queen  
  41  3:55  Spine Crawler  
  44  4:12  Roach x2  
  44  4:13  Roach x2  
  52  4:25  Drone x2  
  54  4:44  Drone x3  
  57  4:46  Extractor  
  56  5:05  Lair  
  56  5:08  Drone x3  
  56  5:09  Drone  
  56  5:11  Overlord x3  
  60  5:21  Hatchery  
  59  5:28  Pneumatized Carapace  
  59  5:30  Drone  
  59  5:31  Drone x2  
  62  5:57  Drone x2  
  62  5:58  Drone x3, Extractor x2  
  62  5:59  Drone x3  
  68  6:10  Spire  
  67  6:22  Drone x4  
  67  6:23  Drone x5  
  67  6:24  Queen x2  
  80  7:05  Zergling x6  
  80  7:06  Zergling x2  
  84  7:12  Overlord x3  
  84  7:21  Mutalisk x2  
  84  7:22  Mutalisk  
  90  7:25  Overlord x2  
  90  7:29  Mutalisk x3  
  90  7:30  Mutalisk x2  
  100  7:41  Extractor  
  100  7:42  Extractor  
  98  7:59  Zergling x2  
  98  8:00  Zergling x10  
  98  8:02  Drone x11  
  115  8:18  Drone x4  
  115  8:19  Drone  
  120  8:49  Mutalisk  
  120  8:50  Mutalisk x4  
  130  8:56  Overlord x4  
  130  9:11  Hatchery  
  130  9:13  Overlord x5  
  129  9:21  Hatchery  
  128  9:25  Hatchery  
  127  9:43  Hatchery  
Show
View Real Time Build Order
Export as new Build Order

Coudest Terran 

Build Orders:  

Get SALT Encoding   

  12  0:00  SCV  
  13  0:12  SCV  
  14  0:17  Supply Depot  
  14  0:25  SCV  
  14  0:28  Refinery  
  15  0:38  SCV  
  16  0:44  Barracks  
  16  0:50  SCV  
  17  1:04  SCV  
  18  1:17  SCV  
  19  1:32  Reaper, Orbital Command  
  20  1:41  Command Center  
  20  1:54  Factory  
  20  1:59  SCV  
  20  2:00  Refinery  
  21  2:05  Barracks Reactor  
  21  2:11  SCV  
  21  2:14  Supply Depot  
  22  2:23  SCV  
  22  2:50  SCV  
  21  3:00  Hellion  
  21  3:01  Hellion  
  21  3:02  SCV  
  24  3:14  SCV  
  24  3:19  Command Center  
  20  4:05  Refinery  
  20  4:07  Unknown  
  20  4:10  Refinery  
  20  4:12  Unknown  
  20  4:14  Refinery  
  20  4:18  Refinery  
  20  4:19  Refinery  
Tags
 
Matchup
TvZ
Opening
Pool First
Spawn Locations
Cross Positions
Add a new tag
Caveats
  • Supply blocks, unpowered buildings, or Contaminate may cause inaccurate times.
  • Supply counts are checked every 10 seconds.